 Dungeon Crawl Stone Soup version 0.14-a0-2723-gdc5d926 (webtiles) character file.

138 Jenx the Practitioner (level 3, -1/20 HPs)
             Began as a Gargoyle Healer on Feb 19, 2014.
             Was a Believer of Elyvilon.
             Slain by Crazy Yiuf
             ... wielding a +4,+3 quarterstaff of chaos
              (7 damage)
             ... on Level 2 of the Dungeon.
             The game lasted 00:05:59 (2059 turns).

Jenx the Practitioner (Gargoyle Healer)             Turns: 2059, Time: 00:05:59

HP  -1/20        AC  9     Str 16      XL: 3   Next: 95%
MP   2/6         EV  8     Int 12      God: Elyvilon [**....]
Gold 82          SH  0     Dex  9      Spells:  0 memorised,  2 levels left

rFire  . . .     SeeInvis .     a - +0 whip
rCold  + . .     Clarity  .     u - +0 scale mail
rNeg   + + .     Conserve .     (no shield)
rPois  +         rCorr    .     (no helmet)
rElec  +         rRot     +     (no cloak)
SustAb . .       Spirit   .     (no gloves)
rMut   .         Warding  +     (no boots)
Saprov . . .     Stasis   .     q - amulet of warding
MR     .....                    (no ring)
                                s - ring of protection from cold

@: not resistant to hostile enchantments, extremely unstealthy
A: life protection 1, electricity resistance, unbreathing, petrification
resistance, AC +3
a: Lesser Healing, Lesser Self-Healing, Divine Protection, Purification,
Renounce Religion


You were on level 2 of the Dungeon.
You worshipped Elyvilon.
Elyvilon was pleased with you.
You were not hungry.

You visited 1 branch of the dungeon, and saw 2 of its levels.

You collected 82 gold pieces.

Inventory:

Hand weapons
 a - a +0,+0 whip (weapon)
Missiles
 t - 5 tomahawks (quivered)
Armour
 c - a +0 plate armour
 u - a +0 scale mail (worn)
Comestibles
 d - 4 bread rations
 m - an apple
Scrolls
 e - a scroll of random uselessness {unknown}
 g - a scroll of fear {unknown}
 h - a scroll of immolation {unknown}
 i - a scroll of remove curse
 j - a scroll of recharging {unknown}
 k - a scroll of enchant weapon I {unknown}
 l - 2 scrolls of teleportation {unknown}
 n - a scroll of blinking {unknown}
 o - 2 scrolls of identify
 r - a scroll of amnesia {unknown}
Jewellery
 q - an amulet of warding (around neck)
 s - a ring of protection from cold (left hand)
Potions
 b - a potion of curing
 f - a potion of might {unknown}
 p - a potion of confusion {unknown}


   Skills:
 - Level 1.1 Fighting
 * Level 0.0 Maces & Flails
 - Level 1.5 Dodging
 + Level 5.0 Invocations


You had 2 spell levels left.
You didn't know any spells.

Dungeon Overview and Level Annotations

Branches:
Dungeon (2/16)

Altars:

Annotations:
D:2 Crazy Yiuf


Innate Abilities, Weirdness & Mutations

You are resistant to torment.
You are immune to poison.
Your stone body is very resilient (AC +3).
You resist negative energy.
You are resistant to electric shocks.
You can survive without breathing.
You are immune to petrification.


Message History

Use which ability? (? or * to list)
Press: ? - help, Dir - move target cursor, f/p - Crazy Yiuf Heal: Crazy Yiuf, wielding a quarterstaff of chaos and wearing a cloak The light of Elyvilon fails to reach Crazy Yiuf.
You feel somewhat more hungry.
Crazy Yiuf moves out of view.
You closely miss Crazy Yiuf.
Crazy Yiuf sings, "Trees, trees, trees, circus!"
Crazy Yiuf hits you with a quarterstaff of chaos.
You feel your power leaking away.
You hit Crazy Yiuf.
Crazy Yiuf is moderately wounded.
Crazy Yiuf hits you with a quarterstaff of chaos!
* * * LOW HITPOINT WARNING * * *
You barely miss Crazy Yiuf.
Crazy Yiuf is moderately wounded.
Crazy Yiuf zaps a wand.
You resist.
You hit Crazy Yiuf.
Crazy Yiuf is moderately wounded.
Crazy Yiuf hits you with a quarterstaff of chaos!
You die...

#.# ####..##
######## #.#
#..).#
#....... #.#
#.)).#
#.#####. #.#
##...# #.#
#. #.# ##.##
#.# ###. #.#
##.# #.#
#... #.#
#.## #.#
#... #.#
##.#
#####.###...
#.#### #@##
#....#.##...
#....# #g#
#####.###...
#..#.# ...
#..######.#.
##...# #...#
##.# #...#.
##.## #)..#
#.####.###.
#.# #####
#.##.....#.
#.#
#.##.###.#.
#.# ###
#....# #...
#.# #.#
####<###>##


You could see Crazy Yiuf.

Vanquished Creatures
  An adder (D:2)
  2 worms (D:2)
  A giant gecko (D:2)
  A giant cockroach (D:2)
  2 hobgoblins (D:1)
  8 kobolds
  3 bats
  A giant newt (D:1)
  3 goblins
  3 rats
25 creatures vanquished.

Vanquished Creatures (others)
  An adder (D:2)
  A bat (D:1)
  A goblin (D:2)
3 creatures vanquished.

Grand Total: 28 creatures vanquished

Notes
Turn   | Place    | Note
--------------------------------------------------------------
     0 | D:1      | Jenx, the Gargoyle Healer, began the quest for the Orb.
     0 | D:1      | Reached XP level 1. HP: 12/12 MP: 2/2
   328 | D:1      | Reached XP level 2. HP: 10/16 MP: 2/4
   806 | D:1      | Reached skill level 4 in Invocations
   972 | D:2      | Reached XP level 3. HP: 10/20 MP: 6/6
  1821 | D:2      | Reached skill level 5 in Invocations
  2051 | D:2      | Noticed Crazy Yiuf
  2059 | D:2      | Slain by Crazy Yiuf

Action                   || total
-------------------------++-------
Melee: Unarmed           ||   124
       Dagger            ||    50
       Hand axe          ||    71
       Whip              ||     6
Invok: Lesser Healing    ||    33
       Lesser Self-Heali ||     5
  Use: Scroll            ||     2
       Potion            ||     2
